 Dungeon Crawl Stone Soup version 0.30-a0-881-g1ff12e1e11 (webtiles) character file.

Game seed: 13645058076467679827

95 Pimp the Digger (level 4, -6/30 HPs)
             Began as a Formicid Earth Elementalist on Mar 14, 2023.
             Killed by divine providence
             ... invoked by an orc priest
              (14 damage)
             ... on level 4 of the Dungeon.
             The game lasted 00:04:18 (1390 turns).

Pimp the Digger (Formicid Earth Elementalist)       Turns: 1390, Time: 00:04:19

Health: -6/30      AC:  3    Str: 12    XL:     4   Next: 97%
Magic:  0/8        EV: 12    Int: 17    God:
Gold:   111        SH:  0    Dex: 14    Spells: 4/8 levels left

rFire   + . .      SeeInvis +    i - +0 dagger
rCold   . . .      Faith    .    (no shield)
rNeg    . . .      Spirit   .    a - +0 robe
rPois   .          Reflect  .    (helmet unavailable)
rElec   .          Rampage  .    (no cloak)
rCorr   .                        d - +0 pair of gloves
Will    .....                    (no boots)
Stlth   ++                       (no amulet)
HPRegen 0.25/turn                h - ring of protection from fire
MPRegen 0.11/turn                (no ring)

@: no status effects
A: permanent stasis, dig shafts and tunnels, antennae 3, four strong arms
a: Dig, Shaft Self


You were on level 4 of the Dungeon.
You visited 1 branch of the dungeon, and saw 3 of its levels.

You collected 111 gold pieces.

Inventory:

Hand Weapons
 i - a +0 dagger (weapon)
Missiles
 f - 2 boomerangs
Armour
 a - a +0 robe (worn)
 c - a +0 ring mail
 d - a +0 pair of gloves (worn)
Jewellery
 h - a ring of protection from fire (left hand)
Potions
 b - a potion of magic
 e - a potion of heal wounds
 g - a potion of brilliance {unknown}


   Skills:
 + Level 2.4 Dodging
 + Level 3.4 Stealth
 + Level 2.9 Spellcasting
 + Level 2.2 Transmutations
 + Level 4.2 Earth Magic


You had 4 spell levels left.
You knew the following spells:

 Your Spells              Type           Power      Damage    Failure   Level
a - Sandblast             Erth           34%        2d9       3%          1
b - Stone Arrow           Conj/Erth      18%        3d8       22%         3

Your spell library contained the following spells:

 Spells                   Type           Power      Damage    Failure   Level
 Passwall                 Tmut/Erth      10%        N/A       7%          2
 Petrify                  Tmut/Erth      13%        N/A       41%         4
 Frozen Ramparts          Ice            4%         1d1       47%         3
 Ice Form                 Ice/Tmut       6%         N/A       73%         4
 Summon Ice Beast         Ice/Summ       2%         N/A       87%         4


Dungeon Overview and Level Annotations

Branches:
Dungeon (2/15)

Altars:
Trog

Shops:
D:1 *


Innate Abilities, Weirdness & Mutations

You cannot be hasted, slowed, berserked, paralysed or teleported.
You can dig through walls and to a lower floor.
You have a pair of large antennae on your head. (SInv)
Your four strong arms can wield two-handed weapons with a shield.


Message History

Aim: an orc priest, wielding a +0 dagger and wearing a +0 leather armour (severely wounded, 82% to hit)
The blast of sand hits the orc priest.
The orc priest is severely wounded.
The orc priest hits you with a +0 dagger.
An orc comes into view. It is wielding a +0 morningstar.
You hit the orc priest but do no damage.
The orc priest is severely wounded.
The orc priest closely misses you.
You hit the orc priest.
The orc priest is almost dead.
The orc priest hits you with a +0 dagger.
Casting: Sandblast (safe; 3% risk of failure)
Confirm with . or Enter, or press ? or * to list all spells.
Aiming: Sandblast (safe; 3% risk of failure)
Press: ? - help, Shift-Dir - straight line, f/p - orc priest
Aim: an orc priest, wielding a +0 dagger and wearing a +0 leather armour (almost dead, 82% to hit)
The blast of sand hits the orc priest!
You kill the orc priest!
The orc priest begins to cast a cantrip, but forgets the words!
The orc barely misses you.
Unknown command.
Casting: Sandblast (safe; 3% risk of failure)
Confirm with . or Enter, or press ? or * to list all spells.
Aiming: Sandblast (safe; 3% risk of failure)
Press: ? - help, Shift-Dir - straight line, f - orc
Aim: an orc, wielding a +0 whip and wearing a +0 ring mail (84% to hit)
The blast of sand hits the orc!
You kill the orc!
Casting: Sandblast (safe; 3% risk of failure)
Confirm with . or Enter, or press ? or * to list all spells.
Okay, then.
You barely miss the orc priest. The orc priest misses you.
You hit the orc priest but do no damage.
The orc priest hits you with a +0 whip.
* * * LOW HITPOINT WARNING * * *
The orc priest attacks as you move away!
The orc priest barely misses you.
The orc priest calls down the wrath of Beogh upon you.
Beogh smites you!
You die...

...............#
.o.#...........#
.o.............#
##..o..........#
##.....#'#.{###
..J....#o# #
...#...#o#
.......#.#
.......#@#
###....#.#
##..<#.# #....#
######


You could see an orc priest and an orc.

Vanquished Creatures
  An orc priest (D:4)
  A hound (D:4)
  2 dart slugs
  An orc (D:4)
  4 ball pythons
  5 bats
  An endoplasm (D:2)
  2 giant cockroaches
  3 goblins
  2 kobolds (D:1)
  2 quokkas (D:2)
  4 frilled lizards
  5 rats
33 creatures vanquished.

Notes
Turn   | Place    | Note
-------+----------+-------------------------------------------
     0 | D:1      | Pimp the Formicid Earth Elementalist began the quest for
                  | the Orb.
     0 | D:1      | Reached XP level 1. HP: 13/13 MP: 3/3
    94 | D:1      | Reached XP level 2. HP: 19/19 MP: 3/5
   185 | D:1      | Found Vattol's General Store.
   630 | D:2      | Reached XP level 3. HP: 24/24 MP: 4/6
   670 | D:2      | Found a bloodstained altar of Trog.
   725 | D:2      | Learned a level 3 spell: Stone Arrow
  1109 | D:2      | Reached skill level 4 in Earth Magic
  1285 | D:2      | You fall into a shaft and drop 2 floors!
  1381 | D:4      | Reached XP level 4. HP: 15/30 MP: 4/8
  1390 | D:4      | Killed from afar by an orc priest

Illustrated notes

Levels and vault maps discovered:
D:1:      mushboom_english_gardens, layout_rooms, serial_shops, shop,
          chequers_decorated_corner
D:2:      kennysheep_the_goblin_king, layout_basic,
          hellmonk_ecumenical_altar_leap_of_faith, basic_altar
D:4:      layout_basic, temple_garden, skrybe_limestone_x

Skill      XL: |  1  2  3 |
---------------+----------+-----
Dodging        | 2 |  2.4
Stealth        | 3 |  3.4
Earth Magic    | 4 |  4.2
Transmutations | 2 |  2.2
Spellcasting   | |  2.9

Action                     |  1- 3 |  4- 6 || total
---------------------------+-------+-------++-------
  Melee: Unarmed           |     7 |       ||     7
         Dagger            |     1 |     4 ||     5
         Punch             |     1 |       ||     1
   Cast: Sandblast         |    40 |     5 ||    45
Ability: Shaft Self        |     1 |       ||     1
    Use: Scroll            |     2 |       ||     2
         Potion            |     1 |       ||     1
   Stab: Sleeping          |     1 |       ||     1
 Armour: Robe              |    16 |     2 ||    18
  Dodge: Dodged            |    36 |     4 ||    40

Table legend: (Time is in decaauts)
 A = Elapsed time spent in this place.
 B = Non-inter-level travel time spent in this place.
 C = Inter-level travel time spent in this place.
 D = Time resting spent in this place.
 E = Time spent auto-exploring this place.
 F = Levels seen in this place.
 G = Mean time per level.
                   A        B        C        D        E       F      G
               +--------+--------+--------+--------+--------+-----+--------+
         Total |   1411 |   1405 |      6 |    631 |    447 |   3 |  470.3 |
       Dungeon |   1411 |   1405 |      6 |    631 |    447 |   3 |  470.3 |
               +--------+--------+--------+--------+--------+-----+--------+

Top non-repeatable levels by time:
     D:2: 677 daAuts
     D:1: 625 daAuts
     D:4: 108 daAuts
